Map: Sequencer LE

Players

Gumiho

  • Race: Terran Terran
  • League: Master
  • Spawn Location: 1:00

Zest - Winner!

  • Race: Protoss Protoss
  • League: Master
  • Spawn Location: 7:00

Event: HomeStory Cup XV

VOD

Have the link to the VOD?

Description

Time

  • Played on: July 23, 2017, 8:26 a.m.
  • Length: 16:50

All games in this series

Show
View Real Time Build Order
Export as new Build Order

Gumiho Terran 

Build Orders: Reaper Expand, MMM Bio 

Get SALT Encoding   

  12  0:00  SCV  
  13  0:12  SCV  
  14  0:17  Supply Depot  
  14  0:24  SCV  
  15  0:38  SCV  
  15  0:39  Barracks  
  16  0:45  Refinery  
  16  0:50  SCV  
  17  1:03  SCV  
  18  1:15  SCV  
  19  1:27  Orbital Command, Reaper  
  20  1:43  Command Center  
  20  1:50  Refinery  
  20  1:53  SCV  
  21  1:59  Reaper  
  22  2:01  Supply Depot  
  22  2:05  SCV  
  23  2:19  Factory  
  23  2:23  SCV  
  24  2:31  Barracks Reactor  
  24  2:35  SCV  
  25  2:43  Barracks  
  25  2:47  SCV  
  26  2:55  Orbital Command  
  26  2:59  SCV  
  26  3:03  Cyclone  
  29  3:11  SCV  
  29  3:12  Marine x2  
  32  3:18  Engineering Bay  
  32  3:22  SCV  
  32  3:23  SCV  
  34  3:30  Barracks Tech Lab  
  34  3:33  Marine x2  
  36  3:37  SCV x2  
  37  3:42  Cyclone  
  37  3:47  Terran Infantry Weapons Level 1  
  40  3:52  Stimpack  
  40  3:55  Missile Turret  
  40  3:57  Marine  
  40  3:58  Marine  
  40  4:01  Marine  
  43  4:07  Supply Depot  
  42  4:12  Supply Depot  
  42  4:13  SCV  
  42  4:16  Marine  
  40  4:18  Marine  
  40  4:23  Marine  
  42  4:24  SCV  
  43  4:33  SCV  
  43  4:34  Marine  
  43  4:36  Marine  
  43  4:37  SCV, Factory Reactor  
  45  4:42  Marine  
  46  4:49  SCV  
  46  4:50  SCV  
  46  4:52  Marine  
  48  4:53  Missile Turret  
  48  4:54  Marine  
  48  4:56  Starport  
  49  5:01  Marine  
  49  5:05  SCV  
  49  5:07  SCV  
  52  5:09  Marine, Supply Depot  
  52  5:11  Marine  
  54  5:14  Widow Mine x2  
  54  5:17  SCV  
  54  5:19  SCV  
  60  5:21  Supply Depot  
  60  5:22  Marine  
  61  5:29  SCV  
  61  5:31  SCV, Marine x2  
  65  5:36  Barracks  
  65  5:39  Marine  
  65  5:41  Terran Infantry Armor Level 1  
  65  5:42  SCV  
  67  5:43  SCV  
  67  5:49  Medivac x2  
  72  5:50  Marine x2  
  72  5:52  Factory Reactor  
  72  5:54  SCV  
  72  5:55  SCV  
  72  5:56  Combat Shields  
  76  5:57  Marine  
  76  6:03  Supply Depot  
  77  6:06  SCV  
  77  6:09  SCV  
  77  6:10  Marine x2  
  81  6:15  Marine  
  81  6:17  Supply Depot  
  81  6:19  SCV  
  81  6:21  SCV  
  83  6:31  Barracks Reactor, Marine x2  
  83  6:32  Widow Mine  
  85  6:33  Marine  
  85  6:34  Widow Mine  
  85  6:39  SCV x2  
  92  6:41  Command Center  
  92  6:47  Refinery  
  92  6:48  Refinery  
  92  6:50  Marine x2, Supply Depot  
  92  6:51  SCV  
  92  6:53  SCV  
  96  6:59  Medivac x2  
  100  7:03  SCV  
  100  7:05  Marine  
  102  7:11  SCV  
  102  7:15  SCV  
  104  7:16  Marine x2  
  104  7:18  Marine x2  
  106  7:23  SCV  
  106  7:26  Barracks  
  106  7:27  SCV  
  106  7:28  Barracks  
  108  7:30  Marine  
  108  7:33  Marine  
  108  7:36  Marine x2  
  110  7:42  Marine, Concussive Shells  
  107  7:44  SCV  
  107  7:45  SCV  
  107  7:49  Armory  
  109  7:51  Marine  
  109  7:52  Widow Mine  
  109  7:53  Marauder  
  109  7:54  Marine  
  109  7:57  Orbital Command  
  115  8:00  SCV x2  
  115  8:12  SCV x2  
  117  8:14  Marauder  
  117  8:15  Engineering Bay  
  119  8:20  Supply Depot  
  119  8:21  Barracks Tech Lab x2, Supply Depot  
  119  8:22  Supply Depot  
  119  8:28  SCV x2  
  119  8:30  Liberator x2  
  121  8:34  Supply Depot  
  121  8:35  Marauder  
  121  8:38  Marine x2  
  121  8:40  Terran Infantry Weapons Level 2  
  125  8:42  Marine x2  
  125  8:44  Terran Infantry Armor Level 2  
  133  8:53  Supply Depot  
  133  8:55  Supply Depot x2  
  130  9:03  Marine  
  130  9:04  Marine x3  
  130  9:06  Marauder x3  
  130  9:09  Refinery  
  140  9:10  Widow Mine  
  142  9:17  Refinery  
  142  9:21  Marine x2, Missile Turret  
  144  9:25  Marine x2  
  144  9:27  Marauder x3  
  152  9:32  Starport  
  152  9:33  SCV x2  
  152  9:37  Orbital Command, Supply Depot  
  154  9:42  Marine  
  154  9:45  Marine x2  
  156  9:49  Marauder x3  
  162  9:55  Missile Turret  
  162  9:56  SCV x2  
  164  10:05  Marine  
  162  10:07  Marine  
  162  10:08  Marine  
  162  10:10  Marauder x3  
  164  10:16  Marine  
  162  10:23  Marine  
  163  10:31  Marauder x2  
  163  10:32  Marauder, Viking x2  
  173  10:36  SCV x3  
  176  10:47  Viking x2  
  180  10:53  Marauder  
  180  10:55  Marauder x2, Marine x2  
  168  11:09  Marine x2  
  152  11:13  Viking x2  
  152  11:14  Marauder  
  152  11:15  Marine x2  
  152  11:16  Marauder  
  153  11:19  Viking x2  
  153  11:21  Marauder  
  158  11:26  Marine  
  158  11:30  Marine  
  158  11:32  Marine  
  151  11:36  Marauder  
  151  11:38  Marauder, Terran Infantry Weapons Level 3  
  154  11:41  Marine  
  154  11:43  Marauder  
  154  11:44  Marine  
  155  11:49  Terran Infantry Armor Level 3  
  155  11:53  Marine  
  152  11:57  Marauder, Marine  
  152  11:59  Marauder, Marine  
  156  12:02  Marine  
  156  12:04  Marauder  
  156  12:05  SCV x2  
  156  12:06  SCV  
  162  12:11  Marine  
  162  12:15  Marine  
  149  12:17  Marine  
  149  12:18  Marauder  
  146  12:24  Marauder, Marine  
  146  12:26  Marauder  
  146  12:29  Marine  
  152  12:30  Medivac  
  152  12:31  Medivac  
  152  12:33  Marine  
  152  12:35  Marine  
  156  12:40  Marauder  
  156  12:42  Marine  
  142  12:45  Marauder  
  142  12:47  Marauder, Marine  
  142  12:51  Marine  
  144  12:52  Orbital Command  
  144  12:53  Marine  
  146  12:59  Marine  
  146  13:00  Marine  
  146  13:05  Marine  
  134  13:07  Marauder  
  134  13:08  Marauder  
  134  13:09  Marine  
  134  13:11  Marine  
  120  13:17  Marine  
  120  13:18  Marine  
  111  13:22  Marine, Medivac  
  111  13:26  Marine  
  106  13:27  Orbital Command  
  106  13:28  Marauder  
  106  13:29  Marine  
  106  13:30  Marauder  
  106  13:35  Marine  
  106  13:37  Marauder  
  106  13:40  Marine  
  110  13:44  Marine  
  110  13:46  Marine  
  112  13:50  Marauder  
  112  13:55  SCV x3  
  117  14:05  Marauder x2, Marine x2  
  108  14:27  Marine x2  
  108  14:28  Marine x2  
  108  14:29  Marine x2  
  108  14:31  Marine  
  80  14:43  SCV  
  80  14:45  Marine x2  
  79  14:46  Marine x2  
  79  14:47  Marine x2  
  79  14:49  Marine  
  84  14:56  Missile Turret  
  83  15:02  Marine x2  
  83  15:04  SCV, Marine x2  
  83  15:05  Marine x2  
  83  15:06  Marine  
  91  15:20  Marine  
  92  15:23  Marauder  
  92  15:24  Marine  
  92  15:25  Marine  
  92  15:55  Marauder x2, Marine x3  
  92  15:56  Marine  
  98  16:02  Marine  
  95  16:12  Marine x2  
  95  16:13  Marine  
  87  16:19  Orbital Command, Marine  
Show
View Real Time Build Order
Export as new Build Order

Zest Protoss - Winner!

Build Orders: 1 Gate Expand, Oracle Opening 

Get SALT Encoding   

  12  0:00  Probe (Chrono Boost)  
  13  0:11  Probe (Chrono Boost)  
  14  0:17  Pylon  
  14  0:22  Probe (Chrono Boost)  
  15  0:35  Probe (Chrono Boost)  
  16  0:38  Gateway  
  16  0:46  Probe (Chrono Boost)  
  16  0:47  Assimilator  
  17  0:56  Probe (Chrono Boost)  
  18  1:07  Probe (Chrono Boost)  
  19  1:21  Nexus  
  19  1:32  Cybernetics Core  
  19  1:35  Probe (Chrono Boost)  
  20  1:40  Assimilator  
  20  1:45  Probe (Chrono Boost)  
  21  1:53  Pylon  
  21  1:56  Probe (Chrono Boost)  
  22  2:06  Probe (Chrono Boost)  
  23  2:11  Adept (Chrono Boost)  
  25  2:17  Stargate  
  25  2:18  Probe  
  26  2:24  Warp Gate  
  26  2:32  Probe  
  26  2:35  Adept (Chrono Boost)  
  28  2:37  Probe  
  29  2:44  Probe  
  29  2:47  Probe  
  31  2:56  Probe  
  31  2:58  Probe  
  31  3:00  Oracle (Chrono Boost)  
  35  3:08  Probe x2  
  35  3:12  Adept  
  39  3:19  Probe  
  39  3:20  Probe  
  39  3:24  Pylon  
  41  3:32  Probe x2, Oracle (Chrono Boost)  
  46  3:42  Probe  
  46  3:44  Probe  
  48  3:53  Probe  
  49  3:57  Probe  
  49  3:59  Gateway  
  49  4:01  Gateway  
  50  4:03  Probe  
  50  4:09  Probe  
  52  4:14  Probe  
  53  4:21  Probe  
  54  4:24  Pylon  
  54  4:35  Nexus  
  54  4:36  Pylon  
  54  4:37  Pylon  
  54  4:52  Mothership Core  
  54  4:53  Probe  
  54  4:54  Twilight Council, Assimilator  
  54  4:55  Forge  
  54  4:56  Assimilator  
  54  4:57  Pylon  
  57  5:04  Sentry  
  57  5:06  Probe, Sentry, Stalker  
  63  5:11  Probe  
  65  5:14  Pylon  
  65  5:17  Protoss Ground Weapons Level 1 (Chrono Boost)  
  65  5:18  Probe  
  65  5:20  Pylon  
  66  5:24  Probe  
  67  5:32  Blink (Chrono Boost)  
  67  5:36  Gateway x2  
  67  5:37  Probe x2  
  67  5:39  Gateway  
  69  5:48  Stalker  
  69  5:49  Stalker  
  73  5:50  Stalker  
  73  5:54  Probe x3  
  78  6:03  Robotics Facility  
  78  6:09  Probe  
  78  6:10  Probe  
  80  6:13  Probe  
  80  6:17  Pylon  
  81  6:20  Stalker x2  
  81  6:21  Stalker  
  87  6:30  Probe x2  
  87  6:31  Pylon  
  89  6:33  Pylon  
  89  6:35  Pylon  
  90  6:46  Pylon  
  89  6:51  Stalker x5  
  99  6:54  Probe  
  99  6:56  Probe x2  
  99  6:59  Stalker  
  104  7:05  Photon Cannon  
  104  7:08  Protoss Ground Weapons Level 2  
  103  7:19  Stalker  
  103  7:20  Stalker  
  107  7:27  Probe  
  107  7:28  Observer (Chrono Boost)  
  107  7:29  Probe x2  
  111  7:33  Pylon  
  110  7:42  Probe x2  
  112  7:46  Pylon  
  112  7:48  Probe  
  117  7:51  Immortal (Chrono Boost), Assimilator  
  117  7:55  Assimilator  
  117  7:56  Probe  
  117  7:57  Probe  
  116  7:58  Probe  
  117  8:09  Stalker x4  
  117  8:11  Probe x2  
  127  8:15  Photon Cannon, Resonating Glaives  
  127  8:18  Robotics Bay  
  127  8:20  Robotics Facility  
  125  8:31  Immortal (Chrono Boost)  
  129  8:37  Adept x2  
  129  8:38  Pylon  
  133  8:49  Probe  
  133  8:50  Pylon  
  133  8:51  Probe x2, Pylon  
  136  9:02  Colossus (Chrono Boost)  
  136  9:03  Colossus (Chrono Boost)  
  136  9:06  Pylon  
  148  9:14  Extended Thermal Lance (Chrono Boost)  
  148  9:26  Protoss Ground Armor Level 1  
  148  9:30  Gateway, Nexus  
  148  9:33  Pylon  
  148  9:36  Gateway  
  148  9:39  Adept x3  
  152  9:47  Colossus  
  152  9:48  Colossus  
  149  9:53  Gateway  
  149  9:54  Gateway  
  159  10:00  Forge, Dark Shrine  
  157  10:14  Adept x3  
  157  10:15  Adept x3  
  165  10:37  Adept x6  
  177  10:48  Photon Cannon  
  177  10:49  Photon Cannon  
  177  10:55  Adept x4  
  183  11:01  Adept x4  
  173  11:05  Colossus  
  173  11:07  Warp Prism  
  173  11:09  Adept x2  
  159  11:21  Stalker x3  
  159  11:22  Stalker x4  
  167  11:35  Adept x3  
  167  11:37  Photon Cannon  
  173  11:56  Adept x4  
  173  11:57  Adept x6  
  173  11:59  Colossus  
  143  12:24  Sentry  
  143  12:25  Sentry x2, Adept x5  
  143  12:26  Adept x2  
  143  12:29  Disruptor  
  146  12:48  Disruptor  
  146  12:51  Stalker x9  
  161  13:01  Disruptor  
  138  13:15  Stalker x7  
  152  13:26  Assimilator  
  148  13:30  Protoss Ground Armor Level 2 (Chrono Boost)  
  142  13:36  Dark Templar  
  136  13:44  Colossus  
  136  13:52  Observer  
  143  13:57  Nexus  
  142  14:11  Adept x2  
  142  14:12  Adept x3  
  142  14:15  Nexus  
  142  14:17  Pylon  
  152  14:21  Pylon  
  148  14:25  Adept x3  
  128  14:38  Stalker x3  
  126  14:57  Colossus  
  124  15:01  Dark Templar  
  124  15:03  Dark Templar  
  133  15:28  Dark Templar  
  135  15:33  Adept x4  
  135  15:34  Adept x4  
  151  15:45  Adept  
  151  15:49  Colossus  
  153  15:55  Colossus  
  154  16:06  Adept x2  
  158  16:13  Adept  
  158  16:14  Adept x3  
  151  16:28  Dark Templar  
  151  16:29  Adept  
  151  16:30  Adept x4  
Tags
 
Add a new tag
Caveats
  • Supply blocks, unpowered buildings, or Contaminate may cause inaccurate times.
  • Supply counts are checked every 10 seconds.